cohdb
Replays
Latest Replays
All Replays
Popular Replays
Top Player Replays
Match Explorer
How It Works
Community
CoH3 Stats
Reddit
Sign in to upload your games and track your stats! →
Sign in with Steam
Match 44003621
Unlisted
Match 44003621
Overview
Messages
Build Orders
End
Construct Weapon Support Center
M1919 Machine Gun Team
M1919 Machine Gun Team
Bazooka Squad
M1919 Machine Gun Team
Engineer Squad
.30 cal Machine Gun
Mechanized Support Center
Improved M9 Bazooka Rockets
M3 Armored Personnel Carrier
Selects Heavy Weapons
Selects Assault Carriers
.30 cal Machine Gun
Selects M2HB .50cal Heavy Machine Gun
M3 Assault Carrier
M3 Assault Carrier
Salvage Crew
Designate Forward Repair Station
Construct Tank Depot
Improvised Armor
M4A1 Sherman Medium Tank
M4A1 76mm Conversion
Selects Halftrack Strongpoints
Engineer Squad
Rapid Repairs
Bazooka Squad
Construct Medical Station
Bazooka Squad
Engineer Squad
Engineer Squad
Selects M26 Pershing Heavy Tank
Selects Gallant Stand
Selects Black Dragon Artillery Barrage
M26 Pershing Heavy Tank
Black Dragon Artillery Barrage
Black Dragon Artillery Barrage
Engineer Squad
M4(105) Sherman Bulldozer
Yukineco
Sjoertus Maximus
Kham
Kollu
Brazuca
Lambo power
Agent Smith
Robin Da Hood
0
0
Comments
sign in to comment!
No comments posted yet!